 Dungeon Crawl Stone Soup version 0.20.1-1-g8b1a95d (webtiles) character file.

51 Folque the Conjurer (level 3, -1/25 HPs)
             Began as an Octopode Conjurer on Nov 3, 2017.
             Succumbed to Glalom's ghost's poison
             ... on level 2 of the Dungeon.
             The game lasted 00:07:51 (1911 turns).

Folque the Conjurer (Octopode Conjurer)             Turns: 1911, Time: 00:07:51

Health: -1/25      AC:  1    Str:  7    XL:     3   Next: 81%
Magic:  0/7        EV: 13    Int: 18    God:
Gold:   111        SH:  0    Dex: 12    Spells: 1/7 levels left

rFire    . . .     SeeInvis .   c - +0 short sword
rCold    . . .     Gourm    .   (no shield)
rNeg     . . .     Faith    .   (helmet restricted)
rPois    .         Spirit   .   (no amulet)
rElec    .         Reflect  .   m - ring of flight
rCorr    .         Harm     .   (no ring)
MR       .....                  (no ring)
Stlth    +++.......             (no ring)
Regen    0.1/turn               (no ring)
MPRegen  0.1/turn               (no ring)
                                (no ring)
                                (no ring)

@: lethally poisoned (-1 -> -14)
A: almost no armour, stealthy swim, amphibious, 8 rings, constrict 8, camouflage
1, gelatinous body 1
a: Evoke Flight


You were on level 2 of the Dungeon.
You were not hungry.

You visited 1 branch of the dungeon, and saw 3 of its levels.

You collected 111 gold pieces.

Inventory:

Hand Weapons
 c - a +0 short sword (weapon)
Jewellery
 m - a ring of flight (left tentacle)
Scrolls
 d - a scroll of remove curse
 e - a scroll of identify {unknown}
 f - a scroll of amnesia {unknown}
 h - a scroll of teleportation {unknown}
 o - a scroll of enchant armour {unknown}
Potions
 k - a potion of heal wounds {unknown}
 l - a potion of might {unknown}
Books
 a - a book of Conjurations

   Spells                             Type                      Level
   a - Magic Dart                     Conjuration                  1
   b - Searing Ray                    Conjuration                  2
   c - Dazzling Spray                 Conjuration/Hexes            3
   d - Fulminant Prism                Conjuration/Hexes            4
   e - Force Lance                    Conjuration/Translocation    4
   f - Iskenderun's Mystic Blast      Conjuration                  4
Comestibles
 b - 3 bread rations
 g - 4 chunks of flesh
 i - 2 fruits
 j - a royal jelly


   Skills:
 * Level 2.6 Fighting
 - Level 2.0 Dodging
 - Level 2.6 Stealth
 + Level 2.6 Spellcasting
 - Level 4.0 Conjurations


You had one spell level left.
You knew the following spells:

 Your Spells              Type           Power        Failure   Level  Hunger
a - Magic Dart            Conj           ###.         3%          1    #......
b - Searing Ray           Conj           ###...       4%          2    ##.....
c - Dazzling Spray        Conj/Hex       #.....       22%         3    ###....


Dungeon Overview and Level Annotations

Branches:
Dungeon (3/15)

Altars:

Annotations:
D:3 Glalom's ghost, amateur VSEn


Innate Abilities, Weirdness & Mutations

You cannot wear most types of armour.
You are very stealthy in the water. (Stealth+)
You are amphibious.
You can wear up to eight rings at the same time.
You can use your tentacles to constrict eight enemies at once.
Your skin changes colour to match your surroundings (Stealth+).
Your rubbery body absorbs attacks. (AC +1, EV +1)


Message History

Glalom's ghost is lightly damaged.
Press: ? - help, v - describe, . - travel
Here: Glalom's ghost, wielding a weapon of venom (lightly damaged)
The floor.
You hit Glalom's ghost but do no damage.
You squeeze Glalom's ghost.
Glalom's ghost is lightly damaged.
Glalom's ghost ripples.
Glalom's ghost misses you.
You closely miss Glalom's ghost.
Glalom's ghost is lightly damaged.
Glalom's ghost hits you.
* * * LOW HITPOINT WARNING * * *
You are lethally poisoned!
* * * LOW HITPOINT WARNING * * *
You feel sick. Glalom's ghost hits you.
* * * LOW HITPOINT WARNING * * *
You are more poisoned.
You climb upwards.
You die...

(##.....#......# #..........#
..........#....###..........#
..##.....#####..............#
#.....##........#...........#
.........######.##..........#
......##.### #.#############
..######...# #.# ......####.#
#.## ..##### #.# #.@# ..# #.#
##.## ..# #.# #..# ### #.#
##.# ## #.## #.## .#### #..##
#..# ....### ##..# ##.#
###...# ##.# #.## .(###.#
#.### #..#


There were no monsters in sight!

Vanquished Creatures
  2 oozes
  A worm (D:2)
  2 orcs
  2 giant cockroaches
  2 goblins
  5 hobgoblins
  4 jackals (D:3)
  3 kobolds (D:1)
  A ball python (D:1)
  6 bats
  3 frilled lizards
  7 rats
38 creatures vanquished.

Notes
Turn   | Place    | Note
-------+----------+-------------------------------------------
     0 | D:1      | Folque the Octopode Conjurer began the quest for the Orb.
     0 | D:1      | Reached XP level 1. HP: 11/11 MP: 3/3
   188 | D:1      | Reached skill level 1 in Fighting
   188 | D:1      | Reached XP level 2. HP: 7/18 MP: 5/5
   192 | D:1      | Learned a level 2 spell: Searing Ray
   857 | D:2      | Reached XP level 3. HP: 13/24 MP: 6/6
   862 | D:2      | Learned a level 3 spell: Dazzling Spray
  1902 | D:3      | Noticed Glalom's ghost (amateur VSEn)
  1910 | D:3      | HP: 1/25 [Glalom's ghost (5)]
  1911 | D:2      | Succumbed to Glalom's ghost's poison

Skill      XL: |  1  2  3 |
---------------+----------+-----
Fighting       | 1 2 |  2.6
Dodging        | |  2.0
Stealth        | |  2.6
Spellcasting   | |  2.6
Conjurations   | |  4.0

Action                   || total
-------------------------++-------
Melee: Short sword       ||   102
       Tentacles         ||    10
       Constrict         ||    14
       Unarmed           ||     2
 Cast: Magic Dart        ||     9
       Searing Ray       ||     3
       Dazzling Spray    ||     6
  Use: Scroll            ||     1
       Potion            ||     1
 Stab: Sleeping          ||     8
  Eat: Chunk             ||     4
Armor: Skin              ||    20
Dodge: Dodged            ||    55
